Connexion

Marlies vs Wild

Created - 28 septembre 2023 at 05:42

Goals
1 2 3 T
Marlies 2 1 2 5
Wild 1 0 2 3
Shots
1 2 3 T
Marlies 11 14 8 33
Wild 7 14 16 37

GoalsPenalties
1st period
1. Marlies , Max McCormick 9 (Tyler Lewington 7) at 5:33
2. Wild , Anders Bjork 5 (Ben Gleason 18, Tanner Pearson 11) at 9:02
3. Marlies , Ian McCoshen 5 (Brad Malone 15, Kristian Vesalainen 6) at 16:40
Max McCormick (TOR) for Interference (Minor) at 9:56
Ryan Kuffner (IOW) for Cross-checking (Minor) at 18:45
2nd period
4. Marlies , Ian McCoshen 6 (Tyler Lewington 8, Tim Schaller 11) at 10:32 (PP)
Calvin De Haan (TOR) for High sticking (Minor) at 4:33
Jeremy Gregoire (IOW) for Holding (Minor) at 10:08
3rd period
5. Marlies , Tim Schaller 7 (Dominik Simon 6, Calvin De Haan 15) at 3:39
6. Wild , Lukas Jasek 4 (Michael Mersch 8, Kasper Bjorkqvist 9) at 7:56
7. Wild , Ben Gleason 7 (Anders Bjork 6, Tanner Pearson 12) at 11:03
8. Marlies , Skyler McKenzie 1 (Tim Schaller 12, Dominik Simon 7) at 19:35 (Empty Net)
Max McCormick (TOR) for Tripping (Minor) at 5:30
Brad Malone (TOR) for Hooking (Minor) at 16:12
Jalen Chatfield (IOW) for Roughing (Minor) at 19:59
Goalie Stats
Erik Kallgren (TOR), 34 saves from 37 shots - (0,919), W, 2-1-0, 60:00 minutes
Maxime Lagace (IOW), 28 saves from 32 shots - (0,875), L, 11-3-0, 59:26 minutes
3 StarsOfficial
1 - Ian McCoshen (TOR)
2 - Tim Schaller (TOR)
3 - Tyler Lewington (TOR)
Referees : Brian Pochmara and Gord Dwyer
Linesman : Andy McElman and Michel Cormier
Game Note
Skyler McKenzie has scored in a empty net!
Finance
Level 1 -- Attendance: 1526 (76,30%) -- Ticket Income 61 040 $
Level 2 -- Attendance: 736 (73,60%) -- Ticket Income 14 720 $
Total Attendance: 2262 (75,40%)
Total Ticket Income: 75 760 $
Other Income: 15 152 $
Total Income: 90 912 $



Team Name Goals Shots Shots Attemp Shots Blocked PIM HIT PP PK FO%
Marlies 53362188271 / 3 (33%)040%
Wild 33788146270 / 4 (0%)160%

Marlies
Player Name POS G A P +/- PIM HIT SHT SB MP PP MP PP SHT PK MP PK SHT FO% FOT
Brad Malone C/LW0111233024:301:0403:51039% 23
Cal O'ReillyC000-1010122:400:5501:38044% 27
Calvin De HaanD011-1271322:501:1403:0000% 0
Dominik SimonC/LW/RW0222003023:161:2805:31033% 3
Dylan BlujusD000-1021023:591:1414:0800% 0
Ian McCoshenD2022004421:021:0924:0200% 0
Josh WesleyD0000001215:170:0000:0400% 0
Kristian VesalainenLW/RW0110005113:420:0002:51125% 4
Loui ErikssonLW/RW000-1023021:020:5500:00033% 3
Mathias Brome LW000001209:010:0000:0000% 0
Max McCormickC/LW101-1434021:330:5500:3300% 0
Mitchell HeardC000001209:010:0000:00050% 8
Skyler McKenzieLW101100100:370:0000:2900% 0
Tim McGauleyC000000003:390:2400:0000% 1
Tim SchallerC/LW/RW1232003010:531:2800:59050% 2
Tyler LewingtonD0222050420:481:0903:4800% 0
Victor EjdsellC0000000012:070:0000:00036% 14
Yegor RykovD0000020316:030:0000:5000% 0
Wild
Player Name POS G A P +/- PIM HIT SHT SB MP PP MP PP SHT PK MP PK SHT FO% FOT
Anders BjorkLW/RW1120003021:022:5501:3500% 2
Anthony LouisC/LW0000023019:512:5500:24058% 24
Antti SuomelaC000000001:310:0000:0000% 0
Ben GleasonD1121004124:014:5021:2700% 0
Ben ThomasD000-2011121:213:0600:5600% 0
Danick MartelC/LW000000204:330:0000:00050% 6
Dillon SimpsonD0001013424:014:5021:2700% 0
Eemeli RasanenD0000010214:380:0000:0000% 0
Jalen ChatfieldD000-22111121:203:0610:5600% 0
Jeremy GregoireC/LW/RW000-2225120:105:0110:0000% 1
Joseph GambardellaC/LW000-2012020:355:0100:24063% 27
Kasper BjorkqvistLW/RW0111002013:260:0000:0000% 0
Lukas JasekC/RW1011002013:260:0000:00053% 15
Michael MerschLW/RW0111051013:500:0000:24050% 2
Ryan KuffnerLW000020004:320:0000:0000% 0
Scott WalfordD0000010314:380:0000:0000% 0
Tanner PearsonLW0220023124:282:5501:590100% 5
Taylor RaddyshRW000-2005020:115:0110:000100% 3



Play-by-Play

1st period


0:01 of 1st period - Brad Malone wins face-off versus Anthony Louis in neutral zone.
0:12 of 1st period - Shot by Dominik Simon.
0:12 of 1st period - Stopped by Maxime Lagace without a rebound.
0:13 of 1st period - Joseph Gambardella wins face-off versus Cal O'Reilly in Wild zone.
0:13 of 1st period - Joseph Gambardella is hit by Max McCormick.
0:53 of 1st period - Shot by Loui Eriksson.
0:53 of 1st period - Shot Misses the Net.
1:56 of 1st period - Shot by Tanner Pearson.
1:56 of 1st period - Shot Blocked by Yegor Rykov.
1:58 of 1st period - Shot by Anders Bjork.
1:58 of 1st period - Shot Blocked by Josh Wesley.
2:00 of 1st period - Shot by Ben Gleason.
2:00 of 1st period - Shot Misses the Net.
2:02 of 1st period - Shot by Anders Bjork.
2:02 of 1st period - Shot Misses the Net.
2:08 of 1st period - Shot by Tanner Pearson.
2:08 of 1st period - Stopped by Erik Kallgren without a rebound.
2:09 of 1st period - Mitchell Heard wins face-off versus Lukas Jasek in Marlies zone.
2:27 of 1st period - Shot by Mathias Brome .
2:27 of 1st period - Stopped by Maxime Lagace with a rebound.
2:29 of 1st period - Shot by Mitchell Heard.
2:29 of 1st period - Stopped by Maxime Lagace without a rebound.
2:30 of 1st period - Loui Eriksson wins face-off versus Anthony Louis in Wild zone.
2:38 of 1st period - Tyler Lewington is hit by Tanner Pearson and loses puck.
2:47 of 1st period - Shot by Anthony Louis.
2:47 of 1st period - Shot Misses the Net.
2:49 of 1st period - Shot by Tanner Pearson.
2:49 of 1st period - Shot Misses the Net.
2:51 of 1st period - Shot by Anders Bjork.
2:51 of 1st period - Deflect By Anthony Louis.
2:51 of 1st period - Shot Blocked by Tyler Lewington.
2:54 of 1st period - Tanner Pearson is hit by Tyler Lewington and loses puck.
3:00 of 1st period - Anthony Louis is hit by Tyler Lewington and loses puck.
3:32 of 1st period - Shot by Lukas Jasek.
3:32 of 1st period - Deflect By Kasper Bjorkqvist.
3:32 of 1st period - Stopped by Erik Kallgren without a rebound.
3:33 of 1st period - Brad Malone wins face-off versus Lukas Jasek in Marlies zone.
3:33 of 1st period - Brad Malone is hit by Michael Mersch.
3:38 of 1st period - Off-side.
3:39 of 1st period - Brad Malone wins face-off versus Danick Martel in neutral zone.
4:13 of 1st period - Danick Martel is hit by Dylan Blujus and loses puck.
5:04 of 1st period - Shot by Mathias Brome .
5:04 of 1st period - Stopped by Maxime Lagace without a rebound.
5:05 of 1st period - Joseph Gambardella wins face-off versus Cal O'Reilly in Wild zone.
5:33 of 1st period - Shot by Max McCormick.
5:33 of 1st period - Goal by Max McCormick - Marlies : 1 - Wild : 0.
5:34 of 1st period - Anthony Louis wins face-off versus Victor Ejdsell in neutral zone.
5:41 of 1st period - Kristian Vesalainen is hit by Jalen Chatfield and loses puck.
6:03 of 1st period - Kristian Vesalainen is hit by Jalen Chatfield and loses puck.
6:29 of 1st period - Icing by Ben Thomas.
6:30 of 1st period - Cal O'Reilly wins face-off versus Anthony Louis in Wild zone.
6:30 of 1st period - Loui Eriksson is hit by Jalen Chatfield and loses puck.
6:50 of 1st period - Dillon Simpson is hit by Tyler Lewington and loses puck.
7:05 of 1st period - Shot by Taylor Raddysh.
7:05 of 1st period - Shot Misses the Net.
7:07 of 1st period - Shot by Joseph Gambardella.
7:07 of 1st period - Shot Blocked by Tyler Lewington.
7:09 of 1st period - Shot by Jeremy Gregoire.
7:09 of 1st period - Deflect By Joseph Gambardella.
7:09 of 1st period - Shot Misses the Net.
7:55 of 1st period - Shot by Mathias Brome .
7:55 of 1st period - Shot Blocked by Eemeli Rasanen.
7:57 of 1st period - Shot by Josh Wesley.
7:57 of 1st period - Stopped by Maxime Lagace without a rebound.
7:58 of 1st period - Brad Malone wins face-off versus Danick Martel in Wild zone.
7:58 of 1st period - Tim Schaller is hit by Jalen Chatfield and loses puck.
8:12 of 1st period - Shot by Tanner Pearson.
8:12 of 1st period - Stopped by Erik Kallgren with a rebound.
8:16 of 1st period - Shot by Danick Martel.
8:16 of 1st period - Stopped by Erik Kallgren without a rebound.
8:17 of 1st period - Lukas Jasek wins face-off versus Mitchell Heard in Marlies zone.
8:49 of 1st period - Shot by Mitchell Heard.
8:49 of 1st period - Stopped by Maxime Lagace without a rebound.
8:50 of 1st period - Anthony Louis wins face-off versus Victor Ejdsell in Wild zone.
8:50 of 1st period - Anthony Louis is hit by Brad Malone .
9:02 of 1st period - Shot by Anders Bjork.
9:02 of 1st period - Goal by Anders Bjork - Marlies : 1 - Wild : 1.
9:03 of 1st period - Victor Ejdsell wins face-off versus Joseph Gambardella in neutral zone.
9:17 of 1st period - Shot by Jeremy Gregoire.
9:17 of 1st period - Stopped by Erik Kallgren with a rebound.
9:19 of 1st period - Shot by Dillon Simpson.
9:19 of 1st period - Shot Misses the Net.
9:21 of 1st period - Shot by Taylor Raddysh.
9:21 of 1st period - Stopped by Erik Kallgren without a rebound.
9:22 of 1st period - Cal O'Reilly wins face-off versus Anthony Louis in Marlies zone.
9:31 of 1st period - Shot by Anders Bjork.
9:31 of 1st period - Shot Misses the Net.
9:33 of 1st period - Shot by Tanner Pearson.
9:33 of 1st period - Shot Blocked by Yegor Rykov.
9:56 of 1st period - Minor Penalty to Max McCormick for Interference.
9:57 of 1st period - Brad Malone wins face-off versus Joseph Gambardella in Marlies zone.
10:41 of 1st period - Off-side.
10:42 of 1st period - Cal O'Reilly wins face-off versus Anders Bjork in neutral zone.
10:55 of 1st period - Shot by Kristian Vesalainen.
10:55 of 1st period - Stopped by Maxime Lagace with a rebound.
11:05 of 1st period - Shot by Anthony Louis.
11:05 of 1st period - Shot Blocked by Tyler Lewington.
11:11 of 1st period - Shot by Jalen Chatfield.
11:11 of 1st period - Shot Blocked by Cal O'Reilly.
12:21 of 1st period - Shot by Max McCormick.
12:21 of 1st period - Shot Blocked by Eemeli Rasanen.
12:29 of 1st period - Shot by Loui Eriksson.
12:29 of 1st period - Shot Blocked by Scott Walford.
12:44 of 1st period - Shot by Victor Ejdsell.
12:44 of 1st period - Deflect By Kristian Vesalainen.
12:44 of 1st period - Stopped by Maxime Lagace without a rebound.
12:45 of 1st period - Danick Martel wins face-off versus Dominik Simon in Wild zone.
13:11 of 1st period - Icing by Danick Martel.
13:12 of 1st period - Victor Ejdsell wins face-off versus Danick Martel in Wild zone.
13:15 of 1st period - Shot by Kristian Vesalainen.
13:15 of 1st period - Shot Misses the Net.
13:42 of 1st period - Icing by Brad Malone .
13:43 of 1st period - Victor Ejdsell wins face-off versus Joseph Gambardella in Marlies zone.
13:52 of 1st period - Shot by Victor Ejdsell.
13:52 of 1st period - Shot Misses the Net.
14:14 of 1st period - Joseph Gambardella is hit by Brad Malone and loses puck.
14:39 of 1st period - Shot by Loui Eriksson.
14:39 of 1st period - Stopped by Maxime Lagace without a rebound.
14:40 of 1st period - Lukas Jasek wins face-off versus Mitchell Heard in Wild zone.
14:40 of 1st period - Lukas Jasek is hit by Mitchell Heard.
15:18 of 1st period - Lukas Jasek is hit by Yegor Rykov.
15:49 of 1st period - Max McCormick is hit by Ben Thomas and loses puck.
16:10 of 1st period - Shot by Cal O'Reilly.
16:10 of 1st period - Deflect By Loui Eriksson.
16:10 of 1st period - Shot Misses the Net.
16:37 of 1st period - Brad Malone is hit by Jalen Chatfield and loses puck.
16:40 of 1st period - Shot by Ian McCoshen.
16:40 of 1st period - Goal by Ian McCoshen - Marlies : 2 - Wild : 1.
16:41 of 1st period - Brad Malone wins face-off versus Joseph Gambardella in neutral zone.
17:22 of 1st period - Shot by Taylor Raddysh.
17:22 of 1st period - Shot Misses the Net.
17:58 of 1st period - Max McCormick is hit by Michael Mersch.
18:09 of 1st period - Icing by Kasper Bjorkqvist.
18:10 of 1st period - Lukas Jasek wins face-off versus Mitchell Heard in Wild zone.
18:10 of 1st period - Michael Mersch is hit by Mathias Brome and loses puck.
18:26 of 1st period - Kasper Bjorkqvist is hit by Tyler Lewington and loses puck.
18:45 of 1st period - Minor Penalty to Ryan Kuffner for Cross-checking.
18:46 of 1st period - Tanner Pearson wins face-off versus Cal O'Reilly in Wild zone.
Goals for this period are 2 for Marlies vs 1 for Wild.
Shots for this period are 11 for Marlies vs 7 for Wild.

2nd period


0:01 of 2nd period - Tanner Pearson wins face-off versus Brad Malone in neutral zone.
0:22 of 2nd period - Shot by Dylan Blujus.
0:22 of 2nd period - Stopped by Maxime Lagace without a rebound.
0:23 of 2nd period - Tanner Pearson wins face-off versus Cal O'Reilly in Wild zone.
0:35 of 2nd period - Off-side.
0:36 of 2nd period - Tanner Pearson wins face-off versus Tim Schaller in neutral zone.
0:59 of 2nd period - Shot by Max McCormick.
0:59 of 2nd period - Stopped by Maxime Lagace with a rebound.
1:22 of 2nd period - Shot by Max McCormick.
1:22 of 2nd period - Shot Blocked by Scott Walford.
2:33 of 2nd period - Josh Wesley is hit by Michael Mersch and loses puck.
2:58 of 2nd period - Shot by Tanner Pearson.
2:58 of 2nd period - Shot Blocked by Josh Wesley.
3:00 of 2nd period - Shot by Anders Bjork.
3:00 of 2nd period - Stopped by Erik Kallgren without a rebound.
3:01 of 2nd period - Mitchell Heard wins face-off versus Joseph Gambardella in Marlies zone.
3:01 of 2nd period - Mitchell Heard is hit by Joseph Gambardella.
3:17 of 2nd period - Shot by Joseph Gambardella.
3:17 of 2nd period - Deflect By Taylor Raddysh.
3:17 of 2nd period - Stopped by Erik Kallgren without a rebound.
3:18 of 2nd period - Cal O'Reilly wins face-off versus Anthony Louis in Marlies zone.
3:36 of 2nd period - Shot by Loui Eriksson.
3:36 of 2nd period - Stopped by Maxime Lagace without a rebound.
3:37 of 2nd period - Taylor Raddysh wins face-off versus Kristian Vesalainen in Wild zone.
3:54 of 2nd period - Shot by Taylor Raddysh.
3:54 of 2nd period - Stopped by Erik Kallgren without a rebound.
3:55 of 2nd period - Anthony Louis wins face-off versus Cal O'Reilly in Marlies zone.
4:02 of 2nd period - Shot by Anthony Louis.
4:02 of 2nd period - Shot Misses the Net.
4:04 of 2nd period - Shot by Tanner Pearson.
4:04 of 2nd period - Shot Misses the Net.
4:06 of 2nd period - Shot by Anthony Louis.
4:06 of 2nd period - Stopped by Erik Kallgren without a rebound.
4:07 of 2nd period - Taylor Raddysh wins face-off versus Brad Malone in Marlies zone.
4:14 of 2nd period - Shot by Dominik Simon.
4:14 of 2nd period - Stopped by Maxime Lagace without a rebound.
4:15 of 2nd period - Anthony Louis wins face-off versus Brad Malone in Wild zone.
4:15 of 2nd period - Anthony Louis is hit by Brad Malone .
4:23 of 2nd period - Shot by Brad Malone .
4:23 of 2nd period - Deflect By Dominik Simon.
4:23 of 2nd period - Shot Blocked by Tanner Pearson.
4:29 of 2nd period - Brad Malone is hit by Tanner Pearson and loses puck.
4:33 of 2nd period - Minor Penalty to Calvin De Haan for High sticking.
4:34 of 2nd period - Joseph Gambardella wins face-off versus Brad Malone in Marlies zone.
4:37 of 2nd period - Shot by Jeremy Gregoire.
4:37 of 2nd period - Stopped by Erik Kallgren without a rebound.
4:38 of 2nd period - Anthony Louis wins face-off versus Brad Malone in Marlies zone.
5:17 of 2nd period - Shot by Anthony Louis.
5:17 of 2nd period - Shot Hit the Post.
6:07 of 2nd period - Kristian Vesalainen is hit by Jalen Chatfield and loses puck.
8:06 of 2nd period - Loui Eriksson is hit by Anthony Louis and loses puck.
8:29 of 2nd period - Calvin De Haan is hit by Jalen Chatfield and loses puck.
8:32 of 2nd period - Shot by Dominik Simon.
8:32 of 2nd period - Shot Blocked by Jalen Chatfield.
8:42 of 2nd period - Shot by Dominik Simon.
8:42 of 2nd period - Shot Misses the Net.
8:44 of 2nd period - Shot by Tim Schaller.
8:44 of 2nd period - Shot Misses the Net.
8:49 of 2nd period - Icing by Jalen Chatfield.
8:50 of 2nd period - Anthony Louis wins face-off versus Dominik Simon in Wild zone.
9:05 of 2nd period - Shot by Mathias Brome .
9:05 of 2nd period - Shot Misses the Net.
9:07 of 2nd period - Shot by Mitchell Heard.
9:07 of 2nd period - Shot Misses the Net.
9:11 of 2nd period - Shot by Mitchell Heard.
9:11 of 2nd period - Shot Misses the Net.
9:13 of 2nd period - Shot by Tyler Lewington.
9:13 of 2nd period - Shot Blocked by Ben Thomas.
9:15 of 2nd period - Shot by Mitchell Heard.
9:15 of 2nd period - Shot Misses the Net.
9:20 of 2nd period - Mathias Brome is hit by Jalen Chatfield and loses puck.
9:32 of 2nd period - Off-side.
9:33 of 2nd period - Joseph Gambardella wins face-off versus Victor Ejdsell in neutral zone.
9:44 of 2nd period - Shot by Taylor Raddysh.
9:44 of 2nd period - Shot Misses the Net.
10:01 of 2nd period - Shot by Jeremy Gregoire.
10:01 of 2nd period - Shot Misses the Net.
10:05 of 2nd period - Shot by Joseph Gambardella.
10:05 of 2nd period - Shot Misses the Net.
10:08 of 2nd period - Minor Penalty to Jeremy Gregoire for Holding.
10:09 of 2nd period - Tanner Pearson wins face-off versus Tim McGauley in Wild zone.
10:26 of 2nd period - Shot by Tyler Lewington.
10:26 of 2nd period - Shot Blocked by Ben Gleason.
10:28 of 2nd period - Shot by Ian McCoshen.
10:28 of 2nd period - Stopped by Maxime Lagace with a rebound.
10:30 of 2nd period - Shot by Tyler Lewington.
10:30 of 2nd period - Shot Blocked by Dillon Simpson.
10:32 of 2nd period - Shot by Ian McCoshen.
10:32 of 2nd period - Goal by Ian McCoshen - Marlies : 3 - Wild : 1.
10:33 of 2nd period - Danick Martel wins face-off versus Victor Ejdsell in neutral zone.
10:38 of 2nd period - Shot by Scott Walford.
10:38 of 2nd period - Shot Blocked by Kristian Vesalainen.
10:58 of 2nd period - Shot by Kristian Vesalainen.
10:58 of 2nd period - Stopped by Maxime Lagace without a rebound.
10:59 of 2nd period - Cal O'Reilly wins face-off versus Joseph Gambardella in Wild zone.
11:00 of 2nd period - Shot by Max McCormick.
11:00 of 2nd period - Stopped by Maxime Lagace without a rebound.
11:01 of 2nd period - Taylor Raddysh wins face-off versus Cal O'Reilly in Wild zone.
11:01 of 2nd period - Taylor Raddysh is hit by Loui Eriksson.
11:11 of 2nd period - Icing by Ian McCoshen.
11:12 of 2nd period - Anthony Louis wins face-off versus Cal O'Reilly in Marlies zone.
11:27 of 2nd period - Shot by Anders Bjork.
11:27 of 2nd period - Shot Misses the Net.
11:49 of 2nd period - Shot by Anders Bjork.
11:49 of 2nd period - Shot Misses the Net.
11:51 of 2nd period - Shot by Dillon Simpson.
11:51 of 2nd period - Stopped by Erik Kallgren without a rebound.
11:52 of 2nd period - Joseph Gambardella wins face-off versus Brad Malone in Marlies zone.
12:01 of 2nd period - Shot by Brad Malone .
12:01 of 2nd period - Stopped by Maxime Lagace with a rebound.
12:03 of 2nd period - Shot by Tim Schaller.
12:03 of 2nd period - Deflect By Dominik Simon.
12:03 of 2nd period - Shot Misses the Net.
12:05 of 2nd period - Shot by Calvin De Haan.
12:05 of 2nd period - Shot Misses the Net.
12:07 of 2nd period - Shot by Brad Malone .
12:07 of 2nd period - Stopped by Maxime Lagace without a rebound.
12:08 of 2nd period - Lukas Jasek wins face-off versus Victor Ejdsell in Wild zone.
12:13 of 2nd period - Brad Malone is hit by Michael Mersch and loses puck.
12:31 of 2nd period - Shot by Brad Malone .
12:31 of 2nd period - Stopped by Maxime Lagace without a rebound.
12:32 of 2nd period - Anthony Louis wins face-off versus Cal O'Reilly in Wild zone.
12:41 of 2nd period - Shot by Tanner Pearson.
12:41 of 2nd period - Deflect By Anders Bjork.
12:41 of 2nd period - Shot Misses the Net.
12:43 of 2nd period - Shot by Anthony Louis.
12:43 of 2nd period - Deflect By Tanner Pearson.
12:43 of 2nd period - Stopped by Erik Kallgren with a rebound.
12:45 of 2nd period - Shot by Tanner Pearson.
12:45 of 2nd period - Shot Misses the Net.
12:47 of 2nd period - Shot by Anders Bjork.
12:47 of 2nd period - Stopped by Erik Kallgren without a rebound.
12:48 of 2nd period - Brad Malone wins face-off versus Jeremy Gregoire in Marlies zone.
13:09 of 2nd period - Shot by Brad Malone .
13:09 of 2nd period - Shot Misses the Net.
13:35 of 2nd period - Shot by Max McCormick.
13:35 of 2nd period - Shot Misses the Net.
13:40 of 2nd period - Max McCormick is hit by Jalen Chatfield.
14:07 of 2nd period - Cal O'Reilly is hit by Jalen Chatfield and loses puck.
14:27 of 2nd period - Mathias Brome is hit by Anthony Louis and loses puck.
15:12 of 2nd period - Icing by Ben Gleason.
15:13 of 2nd period - Anthony Louis wins face-off versus Brad Malone in Wild zone.
15:42 of 2nd period - Shot by Victor Ejdsell.
15:42 of 2nd period - Shot Blocked by Dillon Simpson.
15:44 of 2nd period - Shot by Ian McCoshen.
15:44 of 2nd period - Stopped by Maxime Lagace without a rebound.
15:45 of 2nd period - Cal O'Reilly wins face-off versus Michael Mersch in Wild zone.
15:51 of 2nd period - Icing by Lukas Jasek.
15:52 of 2nd period - Lukas Jasek wins face-off versus Loui Eriksson in Wild zone.
16:00 of 2nd period - Icing by Scott Walford.
16:01 of 2nd period - Lukas Jasek wins face-off versus Victor Ejdsell in Wild zone.
16:35 of 2nd period - Shot by Michael Mersch.
16:35 of 2nd period - Stopped by Erik Kallgren with a rebound.
16:40 of 2nd period - Kasper Bjorkqvist is hit by Calvin De Haan and loses puck.
16:50 of 2nd period - Calvin De Haan is hit by Jalen Chatfield and loses puck.
17:22 of 2nd period - Shot by Jeremy Gregoire.
17:22 of 2nd period - Stopped by Erik Kallgren with a rebound.
17:24 of 2nd period - Shot by Ben Thomas.
17:24 of 2nd period - Stopped by Erik Kallgren without a rebound.
17:25 of 2nd period - Anthony Louis wins face-off versus Mitchell Heard in Marlies zone.
17:44 of 2nd period - Shot by Dillon Simpson.
17:44 of 2nd period - Shot Blocked by Yegor Rykov.
17:46 of 2nd period - Shot by Tanner Pearson.
17:46 of 2nd period - Shot Misses the Net.
17:48 of 2nd period - Shot by Anthony Louis.
17:48 of 2nd period - Stopped by Erik Kallgren without a rebound.
17:49 of 2nd period - Cal O'Reilly wins face-off versus Lukas Jasek in Marlies zone.
17:51 of 2nd period - Icing by Ian McCoshen.
17:52 of 2nd period - Joseph Gambardella wins face-off versus Loui Eriksson in Marlies zone.
18:22 of 2nd period - Jeremy Gregoire is hit by Tyler Lewington and loses puck.
18:27 of 2nd period - Shot by Joseph Gambardella.
18:27 of 2nd period - Stopped by Erik Kallgren with a rebound.
18:29 of 2nd period - Shot by Taylor Raddysh.
18:29 of 2nd period - Stopped by Erik Kallgren without a rebound.
18:30 of 2nd period - Anthony Louis wins face-off versus Brad Malone in Marlies zone.
18:51 of 2nd period - Tanner Pearson is hit by Calvin De Haan and loses puck.
18:55 of 2nd period - Anders Bjork is hit by Calvin De Haan and loses puck.
19:06 of 2nd period - Shot by Tim Schaller.
19:06 of 2nd period - Stopped by Maxime Lagace without a rebound.
19:07 of 2nd period - Lukas Jasek wins face-off versus Cal O'Reilly in Wild zone.
19:09 of 2nd period - Michael Mersch is hit by Max McCormick and loses puck.
19:20 of 2nd period - Shot by Cal O'Reilly.
19:20 of 2nd period - Deflect By Max McCormick.
19:20 of 2nd period - Stopped by Maxime Lagace with a rebound.
Goals for this period are 1 for Marlies vs 0 for Wild.
Shots for this period are 14 for Marlies vs 14 for Wild.

3rd period


0:01 of 3rd period - Anthony Louis wins face-off versus Brad Malone in neutral zone.
0:16 of 3rd period - Shot by Brad Malone .
0:16 of 3rd period - Shot Blocked by Dillon Simpson.
1:02 of 3rd period - Shot by Joseph Gambardella.
1:02 of 3rd period - Shot Misses the Net.
1:27 of 3rd period - Icing by Tyler Lewington.
1:28 of 3rd period - Cal O'Reilly wins face-off versus Lukas Jasek in Marlies zone.
1:47 of 3rd period - Icing by Eemeli Rasanen.
1:48 of 3rd period - Brad Malone wins face-off versus Lukas Jasek in Wild zone.
1:48 of 3rd period - Brad Malone is hit by Eemeli Rasanen.
1:54 of 3rd period - Shot by Dominik Simon.
1:54 of 3rd period - Stopped by Maxime Lagace without a rebound.
1:55 of 3rd period - Anthony Louis wins face-off versus Brad Malone in Wild zone.
2:00 of 3rd period - Shot by Tanner Pearson.
2:00 of 3rd period - Shot Blocked by Calvin De Haan.
2:03 of 3rd period - Anders Bjork is hit by Calvin De Haan and loses puck.
2:32 of 3rd period - Shot by Tim Schaller.
2:32 of 3rd period - Stopped by Maxime Lagace without a rebound.
2:33 of 3rd period - Joseph Gambardella wins face-off versus Cal O'Reilly in Wild zone.
2:44 of 3rd period - Max McCormick is hit by Jeremy Gregoire and loses puck.
3:22 of 3rd period - Icing by Ben Thomas.
3:23 of 3rd period - Joseph Gambardella wins face-off versus Brad Malone in Wild zone.
3:39 of 3rd period - Shot by Tim Schaller.
3:39 of 3rd period - Goal by Tim Schaller - Marlies : 4 - Wild : 1.
3:40 of 3rd period - Mitchell Heard wins face-off versus Anthony Louis in neutral zone.
3:51 of 3rd period - Shot by Anders Bjork.
3:51 of 3rd period - Shot Blocked by Ian McCoshen.
3:53 of 3rd period - Shot by Dillon Simpson.
3:53 of 3rd period - Shot Misses the Net.
3:55 of 3rd period - Shot by Tanner Pearson.
3:55 of 3rd period - Shot Misses the Net.
4:03 of 3rd period - Shot by Anders Bjork.
4:03 of 3rd period - Shot Blocked by Tyler Lewington.
4:05 of 3rd period - Shot by Anthony Louis.
4:05 of 3rd period - Shot Blocked by Ian McCoshen.
4:17 of 3rd period - Shot by Anthony Louis.
4:17 of 3rd period - Stopped by Erik Kallgren without a rebound.
4:18 of 3rd period - Victor Ejdsell wins face-off versus Lukas Jasek in Marlies zone.
4:34 of 3rd period - Shot by Victor Ejdsell.
4:34 of 3rd period - Shot Blocked by Scott Walford.
4:36 of 3rd period - Shot by Kristian Vesalainen.
4:36 of 3rd period - Stopped by Maxime Lagace with a rebound.
4:38 of 3rd period - Shot by Calvin De Haan.
4:38 of 3rd period - Stopped by Maxime Lagace without a rebound.
4:39 of 3rd period - Danick Martel wins face-off versus Cal O'Reilly in Wild zone.
4:39 of 3rd period - Danick Martel is hit by Loui Eriksson.
4:51 of 3rd period - Shot by Ryan Kuffner.
4:51 of 3rd period - Deflect By Danick Martel.
4:51 of 3rd period - Shot Misses the Net.
4:53 of 3rd period - Shot by Danick Martel.
4:53 of 3rd period - Stopped by Erik Kallgren with a rebound.
4:55 of 3rd period - Shot by Ben Thomas.
4:55 of 3rd period - Deflect By Ryan Kuffner.
4:55 of 3rd period - Shot Misses the Net.
5:18 of 3rd period - Danick Martel is hit by Yegor Rykov and loses puck.
5:30 of 3rd period - Minor Penalty to Max McCormick for Tripping.
5:31 of 3rd period - Joseph Gambardella wins face-off versus Brad Malone in Marlies zone.
5:40 of 3rd period - Shot by Taylor Raddysh.
5:40 of 3rd period - Stopped by Erik Kallgren with a rebound.
5:42 of 3rd period - Shot by Dillon Simpson.
5:42 of 3rd period - Stopped by Erik Kallgren without a rebound.
5:43 of 3rd period - Joseph Gambardella wins face-off versus Brad Malone in Marlies zone.
6:14 of 3rd period - Shot by Ben Gleason.
6:14 of 3rd period - Shot Misses the Net.
6:16 of 3rd period - Shot by Ben Gleason.
6:16 of 3rd period - Stopped by Erik Kallgren without a rebound.
6:17 of 3rd period - Brad Malone wins face-off versus Anthony Louis in Marlies zone.
6:42 of 3rd period - Shot by Jalen Chatfield.
6:42 of 3rd period - Stopped by Erik Kallgren without a rebound.
6:43 of 3rd period - Cal O'Reilly wins face-off versus Joseph Gambardella in Marlies zone.
6:49 of 3rd period - Icing by Dillon Simpson.
6:50 of 3rd period - Joseph Gambardella wins face-off versus Cal O'Reilly in Wild zone.
7:10 of 3rd period - Shot by Dillon Simpson.
7:10 of 3rd period - Stopped by Erik Kallgren with a rebound.
7:12 of 3rd period - Shot by Joseph Gambardella.
7:12 of 3rd period - Shot Blocked by Ian McCoshen.
7:26 of 3rd period - Shot by Ben Gleason.
7:26 of 3rd period - Stopped by Erik Kallgren without a rebound.
7:27 of 3rd period - Cal O'Reilly wins face-off versus Anthony Louis in Marlies zone.
7:54 of 3rd period - Shot by Michael Mersch.
7:54 of 3rd period - Shot Misses the Net.
7:56 of 3rd period - Shot by Lukas Jasek.
7:56 of 3rd period - Goal by Lukas Jasek - Marlies : 4 - Wild : 2.
7:57 of 3rd period - Mitchell Heard wins face-off versus Anders Bjork in neutral zone.
8:48 of 3rd period - Shot by Jeremy Gregoire.
8:48 of 3rd period - Stopped by Erik Kallgren with a rebound.
9:02 of 3rd period - Shot by Joseph Gambardella.
9:02 of 3rd period - Stopped by Erik Kallgren without a rebound.
9:03 of 3rd period - Michael Mersch wins face-off versus Victor Ejdsell in Marlies zone.
9:06 of 3rd period - Shot by Lukas Jasek.
9:06 of 3rd period - Stopped by Erik Kallgren without a rebound.
9:07 of 3rd period - Joseph Gambardella wins face-off versus Kristian Vesalainen in Marlies zone.
9:08 of 3rd period - Shot by Ben Gleason.
9:08 of 3rd period - Stopped by Erik Kallgren without a rebound.
9:09 of 3rd period - Joseph Gambardella wins face-off versus Victor Ejdsell in Marlies zone.
9:48 of 3rd period - Shot by Jeremy Gregoire.
9:48 of 3rd period - Stopped by Erik Kallgren without a rebound.
9:49 of 3rd period - Cal O'Reilly wins face-off versus Anthony Louis in Marlies zone.
10:04 of 3rd period - Shot by Loui Eriksson.
10:04 of 3rd period - Stopped by Maxime Lagace without a rebound.
10:05 of 3rd period - Lukas Jasek wins face-off versus Cal O'Reilly in Wild zone.
10:10 of 3rd period - Shot by Lukas Jasek.
10:10 of 3rd period - Shot Misses the Net.
10:12 of 3rd period - Shot by Scott Walford.
10:12 of 3rd period - Shot Misses the Net.
10:14 of 3rd period - Shot by Lukas Jasek.
10:14 of 3rd period - Shot Blocked by Calvin De Haan.
10:33 of 3rd period - Icing by Calvin De Haan.
10:34 of 3rd period - Anthony Louis wins face-off versus Cal O'Reilly in Marlies zone.
10:34 of 3rd period - Dillon Simpson is hit by Calvin De Haan and loses puck.
11:01 of 3rd period - Shot by Anders Bjork.
11:01 of 3rd period - Shot Blocked by Calvin De Haan.
11:03 of 3rd period - Shot by Ben Gleason.
11:03 of 3rd period - Goal by Ben Gleason - Marlies : 4 - Wild : 3.
11:04 of 3rd period - Joseph Gambardella wins face-off versus Brad Malone in neutral zone.
11:36 of 3rd period - Tyler Lewington is hit by Jeremy Gregoire and loses puck.
12:03 of 3rd period - Shot by Kristian Vesalainen.
12:03 of 3rd period - Stopped by Maxime Lagace without a rebound.
12:04 of 3rd period - Dominik Simon wins face-off versus Anthony Louis in Wild zone.
12:33 of 3rd period - Anders Bjork is hit by Dylan Blujus and loses puck.
12:55 of 3rd period - Mitchell Heard is hit by Scott Walford and loses puck.
13:04 of 3rd period - Dylan Blujus is hit by Michael Mersch and loses puck.
13:21 of 3rd period - Shot by Lukas Jasek.
13:21 of 3rd period - Shot Misses the Net.
13:23 of 3rd period - Shot by Michael Mersch.
13:23 of 3rd period - Shot Misses the Net.
13:25 of 3rd period - Shot by Kasper Bjorkqvist.
13:25 of 3rd period - Stopped by Erik Kallgren without a rebound.
13:26 of 3rd period - Joseph Gambardella wins face-off versus Victor Ejdsell in Marlies zone.
13:47 of 3rd period - Shot by Kristian Vesalainen.
13:47 of 3rd period - Shot Misses the Net.
14:05 of 3rd period - Shot by Brad Malone .
14:05 of 3rd period - Shot Blocked by Jeremy Gregoire.
14:41 of 3rd period - Cal O'Reilly is hit by Dillon Simpson and loses puck.
15:14 of 3rd period - Shot by Lukas Jasek.
15:14 of 3rd period - Shot Misses the Net.
16:00 of 3rd period - Ben Thomas is hit by Max McCormick and loses puck.
16:12 of 3rd period - Minor Penalty to Brad Malone for Hooking.
16:13 of 3rd period - Joseph Gambardella wins face-off versus Kristian Vesalainen in Marlies zone.
16:13 of 3rd period - Taylor Raddysh is hit by Calvin De Haan.
16:32 of 3rd period - Icing by Joseph Gambardella.
16:33 of 3rd period - Kristian Vesalainen wins face-off versus Joseph Gambardella in Wild zone.
17:05 of 3rd period - Icing by Ben Gleason.
17:06 of 3rd period - Tim Schaller wins face-off versus Joseph Gambardella in Wild zone.
17:56 of 3rd period - Shot by Anthony Louis.
17:56 of 3rd period - Shot Blocked by Ian McCoshen.
18:06 of 3rd period - Shot by Anders Bjork.
18:06 of 3rd period - Shot Misses the Net.
18:19 of 3rd period - Icing by Brad Malone .
18:20 of 3rd period - Victor Ejdsell wins face-off versus Lukas Jasek in Marlies zone.
19:01 of 3rd period - Wild, Maxime Lagace is pulled from the net.
19:14 of 3rd period - Anthony Louis is hit by Calvin De Haan and loses puck.
19:33 of 3rd period - Shot by Tim Schaller.
19:33 of 3rd period - Shot Blocked by Dillon Simpson.
19:35 of 3rd period - Shot by Skyler McKenzie.
19:35 of 3rd period - Goal by Skyler McKenzie - Marlies : 5 - Wild : 3.
19:35 of 3rd period - Maxime Lagace from Wild was sent back in the game.
19:36 of 3rd period - Cal O'Reilly wins face-off versus Joseph Gambardella in neutral zone.
19:45 of 3rd period - Off-side.
19:46 of 3rd period - Joseph Gambardella wins face-off versus Cal O'Reilly in neutral zone.
19:46 of 3rd period - Joseph Gambardella is hit by Cal O'Reilly.
19:59 of 3rd period - Minor Penalty to Jalen Chatfield for Roughing.
Goals for this period are 2 for Marlies vs 2 for Wild.
Shots for this period are 8 for Marlies vs 16 for Wild.